AoeStats
← 极地沙尘暴

Arabia

507467152Analyzed
1v1 RM · 14d ago on Sep 18, 2026· 34m 21s· 2 players
Game mode
Random Map
Map size
Tiny (2 player)
Population
200
Speed
Normal
Resources
Standard
Victory
Conquest
Starting age
Dark Age
Ending age
Imperial Age
RankedLock teamsTeams togetherTeam positionsShared explorationLock speedFull tech treeHidden civsTurbo modeCheats
Victory
Defeat
🇫🇷 Vikings · France
1559
+13
🇨🇳 Khitans · China
1485
-13
极地沙尘暴
6:52 Loom
9:13 Feudal Age
9:54 Double-Bit Axe
12:32 Domestication
16:48 Forging
19:18 Wheelbarrow
26:30 Castle Age
25:57 Scale Barding Armor
29:01 Iron Casting
29:32 Scale Barding Armor
HarryMac_Roldi
7:22 Loom
9:40 Feudal Age
9:44 Man-at-Arms
17:45 Scale Mail Armor
23:04 Castle Age
21:59 Forging
23:09 Pikeman
23:10 Long Swordsman
24:24 Double-Bit Axe
25:08 Arson
26:09 Iron Casting
26:28 Bow Saw
27:57 Chain Mail Armor
31:39 Gambesons
Connection lost

Rejoining the realm…

Still unreachable

The connection could not be restored.

Session expired

The server has moved on; the page needs a fresh start.